 Dungeon Crawl Stone Soup version 0.29.1-15-g9cfb28693d (webtiles) character file.

Game seed: 11740272815194609989

2616 H0rd4k the Martial Artist (level 9, -8/63 HPs)
             Began as an Octopode Artificer on Mar 14, 2023.
             Was an Initiate of Gozag.
             Mangled by an orc warrior
             ... wielding a +0 glaive
              (14 damage)
             ... in a bailey on Mar 15, 2023.
             The game lasted 00:10:36 (8761 turns).

H0rd4k the Martial Artist (Octopode Artificer)      Turns: 8761, Time: 00:10:36

Health: -8/63      AC:  1    Str: 11    XL:     9   Next: 60%
Magic:  0/25       EV: 13    Int: 17    God:    Gozag
Gold:   431        SH:  0    Dex: 13    Spells: 18/18 levels left

rFire   . . .      SeeInvis .     - Unarmed
rCold   + . .      Faith    .   (no shield)
rNeg    . . .      Spirit   +   (helmet restricted)
rPois   .          Reflect  .   k - amulet of guardian spirit
rElec   .          Harm     .   q - ring of protection from cold
rCorr   .          Rampage  .   u - ring of magical power
Will    .....                   (no ring)
Stlth   +++.......              (no ring)
HPRegen 0.20/turn               (no ring)
MPRegen 0.19/turn               (no ring)
                                (no ring)
                                (no ring)

@: gold aura
A: almost no armour, amphibious, 8 rings, camouflage 1, gelatinous body 1,
(nimble swimmer 1), tentacles
a: Renounce Religion, Potion Petition, Call Merchant, Bribe Branch


You were in a bailey.
You worshipped Gozag.
Gozag was aware of your devotion.
You visited 2 branches of the dungeon, and saw 8 of its levels.
You also visited: Sewer and Bailey.

You collected 526 gold pieces.
You paid 95 gold pieces to Gozag.

Inventory:

Missiles
 e - 37 poisoned darts
Magical Staves
 n - a staff of fire
Jewellery
 k - an amulet of guardian spirit (around mantle)
 q - a ring of protection from cold (left tentacle)
 u - a ring of magical power (right tentacle)
 x - an amulet of faith
Wands
 d - a wand of iceblast (1)
Scrolls
 a - 3 scrolls of blinking {unknown}
 b - a scroll of summoning {unknown}
 f - a scroll of noise {unknown}
 g - 2 scrolls of enchant weapon
 m - 4 scrolls of identify
 o - 2 scrolls of enchant armour
 r - a scroll of poison {unknown}
 s - a scroll of immolation {unknown}
 v - 2 scrolls of fear {unknown}
 w - 2 scrolls of fog {unknown}
 y - a scroll of silence {unknown}
 D - a scroll of torment {unknown}
Potions
 i - 2 potions of attraction
 j - a potion of berserk rage
 l - a potion of haste {unknown}
 p - a potion of heal wounds {unknown}
 t - a potion of resistance {unknown}
 z - a potion of degeneration {unknown}
 A - a potion of cancellation {unknown}
 C - a potion of brilliance {unknown}


   Skills:
 * Level 6.6 Fighting
 - Level 2.3 Dodging
 - Level 1.3 Stealth
 + Level 9.3 Unarmed Combat
 * Level 5.0 Spellcasting
 - Level 3.2 Evocations


You had 18 spell levels left.
You didn't know any spells.
Your spell library contained the following spells:

 Spells                   Type           Power      Damage    Failure   Level
 Apportation              Tloc           8%         N/A       14%         1
 Beastly Appendage        Tmut           8%         N/A       14%         1
 Necrotise                Necr           16%        1d4       14%         1
 Summon Small Mammal      Summ           16%        N/A       14%         1
 Wereblood                Tmut           4%         N/A       22%         2
 Spider Form              Tmut/Pois      4%         N/A       38%         3
 Fireball                 Conj/Fire      2%         3d4       98%         5
 Freezing Cloud           Conj/Ice/Air   2%         6-21      98%         5
 Iskenderun's Battlesphe  Conj           4%         2d6       98%         5
 Conjure Ball Lightning   Conj/Air       2%         3x3d6     100%        6
 Orb of Destruction       Conj           2%         9d5       100%        7
 Polar Vortex             Ice            2%         N/A       100%        9
 Simulacrum               Ice/Necr       Unusable   N/A       N/A         6

Dungeon Overview and Level Annotations

Branches:
Dungeon (7/15)             Temple (1/1) D:6           Sewer (visited)
 Bailey (1/1)

Altars:
Ashenzari
Cheibriados
Dithmenos
Elyvilon
Gozag
Kikubaaqudgha
Okawaru
Ru
Trog
Vehumet
Wu Jian
Yredelemnul
Zin
The Shining One

Shops:
D:3 :

Annotations:
D:4 exclusion: 2 downstairs
D:5 Ijyb
D:6 1 runed translucent door, exclusion: door, Crazy Yiuf


Innate Abilities, Weirdness & Mutations

You cannot wear most types of armour.
You are amphibious.
You can wear up to eight rings at the same time.
Your skin changes colour to match your surroundings (Stealth+).
Your rubbery body absorbs attacks. (AC +1, EV +1)
((You are camouflaged when in or above water. (Stealth+)))
You have tentacles for arms and can constrict up to eight enemies at once.


Message History

You tentacle-slap the centaur but do no damage.
The centaur is moderately wounded.
The centaur throws a javelin.
The javelin pierces through you! The centaur hits you with a +0 trident!
The centaur misses you.
You tentacle-slap the centaur. You squeeze the centaur.
The centaur is heavily wounded.
The centaur throws a javelin.
The javelin completely misses you. The centaur hits you with a +0 trident!
The centaur closely misses you.
You bludgeon the centaur!
The centaur is almost dead.
The centaur hits you with a +0 trident. The centaur closely misses you.
The orc warrior hits you from afar with a +0 glaive!
* * * LOW HITPOINT WARNING * * *
The centaur hits you with a +0 trident!
* * * LOW HITPOINT WARNING * * *
The centaur kicks you.
* * * LOW HITPOINT WARNING * * *
You bludgeon the centaur!
You kill the centaur!
The orc warrior completely misses you.
The centaur throws a javelin.
The javelin closely misses you.
Items here: $ ( ) [.
Okay, then.
Okay, then.
It was a potion of curing.
You feel better. The centaur misses you.
The orc warrior hits you from afar with a +0 glaive!
* * * LOW HITPOINT WARNING * * *
The centaur throws a javelin.
The javelin misses you.
As you read the scroll labelled UGOSE XO TUIM, it crumbles to dust.
It is a scroll of identify.
o - 2 scrolls of enchant armour The centaur closely misses you.
The orc warrior hits you from afar with a +0 glaive!
* * * LOW HITPOINT WARNING * * *
You feel better.
The centaur hits you from afar with a +0 spear.
* * * LOW HITPOINT WARNING * * *
The orc warrior hits you from afar with a +0 glaive!
You die...
Your body crumbles into a pile of gold.

≈.....≈~≈~≈~≈.....≈.
≈≈....≈≈~~o≈≈....≈≈.
.≈.....≈≈≈≈≈.....≈.≈
.≈≈.⌠..≈≈≈≈≈..⌠.≈≈.≈
≈.≈.....≈≈≈.....≈.≈≈
≈.≈≈≈.......o.≈≈≈.≈≈
≈≈..≈≈≈....o≈≈≈..≈≈≈
≈≈≈≈..≈#...#≈.c≈≈≈≈≈
≈≈≈≈≈≈.#...#@≈≈≈≈≈≈≈
≈≈≈≈≈≈≈#.))#≈≈≈≈≈≈≈≈
≈≈≈≈≈≈≈#...#≈≈≈≈≈≈≈#
#########'''#########
##.......)..)........##
##.....)..)............##
##.......⌠#######⌠.......##
#≈....#####.....#####....≈#
#≈...##....≈≈≈≈≈....##...≈#


You could see an orc warrior, a centaur and 2 orcs.

Vanquished Creatures
  Menkaure (D:4)
  5 orc warriors (Bailey)
  A sky beast (D:6)
  2 ogres
  4 centaurs
  A phantom (D:6)
  5 kobold brigands
  A bullfrog (D:6)
  4 scorpions
  An electric eel (D:6)
  2 hounds
  3 iguanas
  2 jellies
  2 orc priests
  3 gnolls
  14 adders
  2 river rats (Sewer)
  A shadow imp (D:6)
  2 white imps (D:6)
  A worm (Sewer)
  2 dart slugs (D:1)
  12 orcs
  5 bats
  10 endoplasms
  5 giant cockroaches
  6 goblins
  6 hobgoblins
  8 jackals
  A quokka (D:1)
  9 ball pythons
  4 frilled lizards
  6 kobolds
  7 rats
138 creatures vanquished.

Vanquished Creatures (collateral kills)
  A jelly (D:5)
  2 orc priests
  11 orcs
  An endoplasm (D:2)
  A frilled lizard (D:2)
  4 kobolds
20 creatures vanquished.

Vanquished Creatures (others)
  A human (D:6)
  A centaur (Bailey)
  A phantom (D:5)
  A scorpion (D:4)
  An iguana (D:5)
  An adder (D:4)
  A bat (D:2)
  38 plants
45 creatures vanquished.

Grand Total: 203 creatures vanquished

Notes
Turn   | Place    | Note
-------+----------+-------------------------------------------
     0 | D:1      | H0rd4k the Octopode Artificer began the quest for the Orb.
     0 | D:1      | Reached XP level 1. HP: 13/13 MP: 1/1
    18 | D:1      | Found a faded altar of an unknown god.
   223 | D:1      | Reached XP level 2. HP: 13/18 MP: 1/3
   324 | D:1      | Reached skill level 1 in Spellcasting
   802 | D:2      | Reached XP level 3. HP: 20/24 MP: 4/4
  1384 | D:1      | Reached skill level 1 in Unarmed Combat
  2032 | D:3      | Reached XP level 4. HP: 24/29 MP: 6/6
  2148 | D:3      | Found a snail-covered altar of Cheibriados.
  2407 | D:3      | Found a glowing golden altar of the Shining One.
  2708 | D:3      | Found Goheter's Book Boutique.
  2844 | D:4      | Noticed a scorpion
  2851 | D:4      | Killed a scorpion
  2852 | D:4      | Reached skill level 2 in Unarmed Combat
  2852 | D:4      | Reached XP level 5. HP: 35/35 MP: 6/8
  2900 | D:4      | Reached skill level 3 in Unarmed Combat
  3204 | D:4      | Reached XP level 6. HP: 12/42 MP: 4/9
  3527 | D:4      | Reached skill level 4 in Unarmed Combat
  3821 | D:4      | Noticed Menkaure
  4058 | D:4      | Killed Menkaure
  4059 | D:4      | Reached XP level 7. HP: 47/47 MP: 11/11
  4490 | D:5      | Entered Level 5 of the Dungeon
  4540 | D:5      | Reached skill level 5 in Unarmed Combat
  5071 | D:4      | Reached XP level 8. HP: 54/54 MP: 13/13
  5147 | D:5      | Reached skill level 6 in Unarmed Combat
  5229 | D:5      | Noticed Ijyb
  5270 | D:6      | Found a glowing drain.
  5359 | Sewer    | Entered a sewer
  5494 | Sewer    | Reached skill level 5 in Fighting
  6034 | Sewer    | Reached skill level 7 in Unarmed Combat
  6692 | D:6      | Reached XP level 9. HP: 54/62 MP: 15/15
  6756 | D:6      | Reached skill level 8 in Unarmed Combat
  6882 | D:6      | Found a staircase to the Ecumenical Temple.
  7054 | Temple   | Entered the Ecumenical Temple
  7066 | Temple   | Became a worshipper of Gozag Ym Sagoz the Greedy
  7137 | D:6      | Found a runed translucent door.
  7138 | D:6      | Noticed Crazy Yiuf
  7273 | D:6      | Found an ancient bone altar of Kikubaaqudgha.
  7342 | D:7      | Found a flagged portal.
  7355 | Bailey   | Entered a bailey
  8643 | Bailey   | Reached skill level 9 in Unarmed Combat
  8646 | Bailey   | Reached skill level 5 in Spellcasting
  8760 | Bailey   | HP: 1/63 [orc warrior/+0 glaive (10)]
  8761 | Bailey   | Mangled by an orc warrior

Illustrated notes

Levels and vault maps discovered:
D:1:      roderic_chinese_lattice_arrival, layout_rooms,
          shapermc_ecumenical_altar_starsandcircs, minmay_tall_x
D:2:      layout_loops_cross
D:3:      layout_loops_ring, amcnicky_altar_gilded,
          mainiacjoe_overflow_alcove_4, serial_shops, nicolae_square_shop,
          chequers_big_river
D:4:      layout_basic, hangedman_abyss_or_decor_stagger, hex_medium,
          minmay_misc_feat_five, uniq_menkaure
D:5:      layout_rooms, nemelex_spade_bored_becter, uniq_ijyb
D:6:      layout_basic, tgw_kikubaaqudgha, minmay_temple_entry_statues_pillars,
          gup_sewer_entry_glass, kennysheep_path_1, interstate_on_off,
          serial_bayou_lagoon_a, grunt_ministairs_14, uniq_crazy_yiuf_cottage
D:7:      layout_rooms, old_standard_altar, enter_bailey_6, st_stairs_5,
          palyth_stone_intersect, kennysheep_donut, grunt_ministairs_1,
          kennysheep_dice
Temple:   cyrus_circular_temple
Bailey:   bailey_polearm_flooded_kennysheep, bailey

Skill      XL: |  1  2  3  4  5  6  7  8  9 |
---------------+----------------------------+-----
Spellcasting   | 1 2 3 4 5 |  5.0
Fighting       | 2 3 4 6 |  6.6
Unarmed Combat | 1 2 3 4 5 7 9 |  9.3
Dodging        | |  2.3
Stealth        | |  1.3
Evocations     | |  3.2

Action                   |  1- 3 |  4- 6 |  7- 9 || total
-------------------------+-------+-------+-------++-------
Melee: Unarmed           |    96 |    55 |   221 ||   372
       Tentacles         |    23 |    11 |    55 ||    89
       Constrict         |    25 |    11 |    47 ||    83
       Punch             |       |     2 |    13 ||    15
Evoke: Wand              |     1 |    13 |    34 ||    48
  Use: Potion            |       |       |     4 ||     4
       Scroll            |       |       |     1 ||     1
 Stab: Sleeping          |     3 |     3 |    11 ||    17
       Distracted        |     1 |       |       ||     1
Armor: Skin              |     9 |     1 |    10 ||    20
Dodge: Dodged            |    88 |    33 |   144 ||   265
